 Dungeon Crawl Stone Soup version 0.27-a0-277-g024f7ef292 (webtiles) character file.

Game seed: 14698605651862305503

27179 Nattfarinn the Gelid (level 13, -5/93 HPs)
             Began as a Barachi Ice Elementalist on Feb 6, 2021.
             Was an Initiate of Gozag.
             Slain by Agnes
             ... wielding a +0 lajatang
              (30 damage)
             ... while paralysed
             ... on level 14 of the Dungeon.
             The game lasted 01:07:13 (23659 turns).

Nattfarinn the Gelid (Barachi Ice Elementalist)    Turns: 23659, Time: 01:07:13

Health: -5/93      AC:  7    Str: 10    XL:     13   Next: 30%
Magic:  24/28      EV:  2    Int: 21    God:    Gozag
Gold:   1804       SH:  0    Dex: 15    Spells: 26/34 levels left

rFire    + . .     SeeInvis .   e - +0 dagger (elec)
rCold    + + .     Faith    .   (no shield)
rNeg     . . .     Spirit   .   K - +2 robe {Will+}
rPois    +         Reflect  .   A - +0 helmet
rElec    +         Harm     .   y - scarf {+Inv}
rCorr    +         Rampage  .   j - +0 pair of gloves
Will     +....                  (no boots)
Stlth    ++........             v - amulet of the acrobat
HPRegen  0.25/turn              h - ring of protection from fire
MPRegen  0.21/turn              o - ring "Paijebe" {Ice Dex+3}

@: paralysed, resistant, gold aura, can't hop, berserk cooldown, very slightly
contaminated, slowed, invisible, slow
A: +LOS, swims, slowness 1, strong legs 2
a: Hop, Renounce Religion, Evoke Invisibility, Potion Petition, Call Merchant,
Bribe Branch


You were on level 14 of the Dungeon.
You worshipped Gozag.
Gozag was most pleased with you.
You visited 1 branch of the dungeon, and saw 14 of its levels.

You collected 3456 gold pieces.
You spent 782 gold pieces at shops.
You paid 870 gold pieces to Gozag.

Inventory:

Hand Weapons
 e - a +0 dagger of electrocution (weapon)
Missiles
 D - 7 curare-tipped darts (quivered)
Armour
 j - a +0 pair of gloves (worn)
 p - a +2 buckler of positive energy
 y - a scarf of invisibility (worn)
 A - a +0 helmet (worn)
 K - a +2 robe of willpower (worn)
Jewellery
 a - the ring "Soxainwy" {rN+ Str+6}
   (You took it off a big kobold on level 13 of the Dungeon)

   [ring of strength]

   It affects your strength (+6).
   It protects you from negative energy.
 h - a ring of protection from fire (left hand)
 o - the ring "Paijebe" (right hand) {Ice Dex+3}
   (You found it on level 4 of the Dungeon)

   [ring of ice]

   It enhances your ice magic.
   It affects your dexterity (+3).
   It makes you vulnerable to fire.
   It protects you from cold.
 v - an amulet of the acrobat (around neck)
 Q - an uncursed ring of willpower
Wands
 s - a wand of polymorph (13)
 x - a wand of random effects (46)
 G - a wand of iceblast (18)
 N - a wand of charming (15)
 O - a wand of digging (6)
Scrolls
 b - 9 scrolls of remove curse
 c - 3 scrolls of enchant armour
 d - a scroll of identify
 f - 4 scrolls of amnesia
 g - 7 scrolls of teleportation
 i - 2 scrolls of fog
 k - a scroll of magic mapping
 l - 5 scrolls of enchant weapon
 n - 2 scrolls of fear
 t - 4 scrolls of immolation
 u - 2 scrolls of blinking
 B - a scroll of random uselessness
 P - a scroll of holy word
Potions
 m - 7 potions of curing
 r - a potion of lignification
 w - a potion of mutation
 z - 4 potions of flight
 F - 3 potions of ambrosia
 H - a potion of invisibility
 I - a potion of haste
 J - 2 potions of brilliance
 L - a potion of might


   Skills:
 - Level 5.9 Fighting
 + Level 6.8 Throwing
 + Level 8.2 Armour
 * Level 10.9 Dodging
 - Level 1.7 Stealth
 - Level 11.1 Spellcasting
 - Level 15.2 Ice Magic


You had 26 spell levels left.
You knew the following spells:

 Your Spells              Type           Power        Failure   Level
a - Freeze                Ice            100%         0%          1
b - Frozen Ramparts       Ice            100%         1%          3
c - Summon Ice Beast      Ice/Summ       60%          2%          4

Your spell library contained the following spells:

 Spells                   Type           Power        Failure   Level
 Ozocubu's Armour         Ice            85%          1%          3
 Hailstorm                Conj/Ice       60%          2%          4
 Magic Dart               Conj           44%          6%          1
 Searing Ray              Conj           22%          9%          2
 Dazzling Flash           Conj/Hex       22%          17%         3
 Fulminant Prism          Conj/Hex       5%           50%         4
 Iskenderun's Mystic Bla  Conj/Tloc      11%          50%         4


Dungeon Overview and Level Annotations

Branches:
Dungeon (14/15)            Temple (0/1) D:7            Lair (0/6) D:8
    Orc (0/2) D:9          Vaults (0/5) D:13

Altars:
Dithmenos
Fedhas
Gozag
Makhleb
Uskayaw
Vehumet
Wu Jian
The Shining One

Shops:
D:9 !

Portals:
Trove: D:13 (show slimy rune of Zot)

Annotations:
D:2 1 runed translucent door, Crazy Yiuf
D:5 3 runed translucent doors, anet's ghost, novice GnHu
D:8 Maurice
D:9 3 runed translucent doors, VeinyPole's ghost, novice GrBe
D:11 3 runed translucent doors, PentaManta's ghost, journeyman MiBe
D:14 Agnes


Innate Abilities, Weirdness & Mutations

You can be seen from farther away. (+LOS)
You can swim through water.
You cover ground slowly.
You can hop long distances.


Message History

The iguana dissolves into shadows!
A centaur warrior comes into view.
Agnes hits you with a +0 lajatang!
The centaur warrior shouts!
The centaur warrior hits you!
* * * LOW HITPOINT WARNING * * *
You feel a strong urge to attack something.
The centaur warrior wields a +2 shortbow of freezing.
It is covered in frost.
The centaur warrior shoots an arrow.
The arrow hits Agnes!!
The arrow freezes Agnes.
Agnes closely misses you.
The howler monkey closely misses your ice beast.
The centaur warrior shoots an arrow.
You feel your anger nearly subside.
You are no longer berserk.
You pass out from exhaustion.
You feel yourself slow down.
Found a stone staircase leading down.
Agnes hits you but does no damage.
The centaur warrior shoots an arrow.
The arrow hits Agnes!
The arrow freezes Agnes!
Agnes hits you with a +0 lajatang!!
You die...
Your body crumbles into a pile of gold.

#..# #..# ..
#####..########...
..................
..#######.........
#..####### . #..#
..#######.h##############
...>...$...hY..i@........
###.s#########c..........
#..# #...######## ....#
#...# ...... ......
..#### ........ ..
.######### . .> . #.


You could see Agnes, a centaur warrior, 2 howler monkeys and a friendly ice
beast (summoned).

Vanquished Creatures
  Azrael (D:12)
  A boulder beetle (D:12)
  3 centaur warriors
  A hydra (D:13)
  2 two-headed ogres
  Sonja (D:10)
  4 skeletal warriors
  2 unseen horrors
  A deep elf archer (D:13)
  A deep elf zephyrmancer (D:13)
  An orc knight (D:13)
  2 deep elf pyromancers (D:13)
  A manticore (D:13)
  Joseph (D:8)
  Maggie (D:7)
  A centaur skeleton (D:14)
  A troll (D:12)
  A polar bear (D:8)
  A shadow (D:7)
  6 yaks
  A wyvern (D:9)
  4 fire bats (D:11)
  A steam dragon (D:12)
  An acid dragon (D:13)
  5 hell hounds
  2 black bears
  2 ice beasts
  4 orc warriors
  A necrophage (D:10)
  2 ogres
  2 eyes of draining
  15 centaurs
  A boggart (D:13)
  A wolf (D:8)
  4 big kobolds
  7 bullfrogs
  A gnoll sergeant (D:10)
  4 scorpions
  5 wights
  2 nameless horrors
  2 howler monkeys (D:7)
  2 lava snakes (D:11)
  A bullfrog zombie (D:3)
  3 centaur zombies
  5 hounds
  4 jellies
  A bullfrog skeleton (D:11)
  8 orc priests
  3 iguanas
  15 worker ants
  13 orc wizards
  A centaur simulacrum (D:8)
  A hound skeleton (D:11)
  A worker ant zombie (D:8)
  3 gnolls (D:10)
  A howler monkey zombie (D:7)
  5 adders
  A shadow imp (D:3)
  3 white imps (D:9)
  An ufetubus (D:8)
  2 adder skeletons
  4 dart slugs
  4 worms
  An adder simulacrum (D:8)
  6 leopard geckos
  54 orcs
  3 ball pythons
  7 giant cockroaches
  8 goblins
  6 hobgoblins
  2 jackals (D:3)
  4 quokkas
  A ball python skeleton (D:4)
  11 bats
  6 frilled lizards
  22 kobolds
  A leopard gecko skeleton (D:9)
  7 rats
  2 fire vortices (D:11)
323 creatures vanquished.

Vanquished Creatures (collateral kills)
  3 hydras
  2 centaur warriors
  2 two-headed ogres
  A skeletal warrior (D:10)
  2 cyclopes
  2 ugly things
  An efreet (D:11)
  A komodo dragon (D:8)
  A polar bear (D:8)
  A troll (D:14)
  A blink frog (shapeshifter) (D:14)
  A spriggan (shapeshifter) (D:14)
  A wraith (D:11)
  A yak (D:8)
  A wyvern (D:12)
  2 fire elementals (D:12)
  2 hell hounds (D:12)
  A hornet zombie (D:11)
  An ice beast (D:8)
  An orc warrior (D:8)
  2 sky beasts
  3 eyes of draining
  2 ogres
  2 centaurs
  A boggart (D:14)
  A phantom (D:9)
  A big kobold (D:13)
  3 bullfrogs
  A scorpion (D:10)
  12 wights
  2 electric eels (D:8)
  A howler monkey (D:13)
  A quasit (D:13)
  A water moccasin simulacrum (D:8)
  A hound (D:10)
  An orc wizard (D:13)
  A howler monkey skeleton (D:9)
  A white imp (D:8)
  3 ufetubi (D:8)
  4 orcs
  3 kobolds
  A quokka simulacrum (D:8)
76 creatures vanquished.

Vanquished Creatures (others)
  An orc (D:7)
  10 plants (D:8)
11 creatures vanquished.

Grand Total: 410 creatures vanquished

Notes
Turn   | Place    | Note
-------+----------+-------------------------------------------
     0 | D:1      | Nattfarinn the Barachi Ice Elementalist began the quest for
                  | the Orb.
     0 | D:1      | Reached XP level 1. HP: 13/13 MP: 3/3
   174 | D:1      | Reached skill level 5 in Ice Magic
   311 | D:1      | Reached XP level 2. HP: 20/20 MP: 3/5
   312 | D:1      | Reached skill level 1 in Fighting
   657 | D:1      | Reached XP level 3. HP: 23/26 MP: 1/6
  1657 | D:1      | Learned a level 3 spell: Frozen Ramparts
  1827 | D:2      | Reached skill level 6 in Ice Magic
  1905 | D:2      | Found a runed translucent door.
  1906 | D:2      | Noticed Crazy Yiuf
  2369 | D:3      | Reached XP level 4. HP: 32/33 MP: 4/7
  2480 | D:3      | Found an opulent altar of Gozag.
  2528 | D:3      | Became a worshipper of Gozag Ym Sagoz the Greedy
  2651 | D:3      | You fall into a shaft and drop 2 floors!
  2651 | D:5      | Entered Level 5 of the Dungeon
  2652 | D:5      | Noticed an ice beast
  2669 | D:5      | Found a runed translucent gate.
  2816 | D:4      | Got a serpentine ivory ring
  2818 | D:4      | Identified the ring "Paijebe" {Ice Dex+3} (You found it on
                  | level 4 of the Dungeon)
  3262 | D:4      | Reached XP level 5. HP: 40/40 MP: 4/8
  3448 | D:4      | Reached skill level 7 in Ice Magic
  3844 | D:3      | Reached XP level 6. HP: 47/47 MP: 9/9
  4405 | D:3      | Reached skill level 8 in Ice Magic
  4422 | D:3      | Learned a level 4 spell: Summon Ice Beast
  4955 | D:5      | Killed an ice beast
  4956 | D:5      | Reached XP level 7. HP: 19/55 MP: 3/10
  5382 | D:5      | Noticed anet's ghost (novice GnHu)
  5423 | D:5      | Found a runed translucent gate.
  5423 | D:5      | Found a runed translucent gate.
  5455 | D:5      | Reached skill level 5 in Fighting
  5455 | D:5      | Reached skill level 9 in Ice Magic
  6251 | D:7      | Found a burning altar of Makhleb.
  6251 | D:7      | Found a blossoming altar of Fedhas.
  6255 | D:7      | Found a radiant altar of Vehumet.
  6255 | D:7      | Found a glowing golden altar of the Shining One.
  6518 | D:7      | Noticed a shadow
  6530 | D:7      | Killed a shadow
  6531 | D:7      | Reached skill level 10 in Ice Magic
  6531 | D:7      | Reached XP level 8. HP: 23/64 MP: 3/11
  6962 | D:7      | Noticed Maggie
  6977 | D:7      | Killed Maggie
  7248 | D:7      | Reached skill level 5 in Spellcasting
  7408 | D:7      | Found a staircase to the Ecumenical Temple.
  8094 | D:8      | Found a staircase to the Lair.
  8094 | D:8      | Noticed a komodo dragon
  8167 | D:8      | Reached XP level 9. HP: 69/69 MP: 15/19
  8178 | D:8      | Killed a komodo dragon
  8438 | D:8      | Noticed a two-headed ogre
  8449 | D:8      | Killed a two-headed ogre
  8560 | D:8      | Noticed Joseph
  8560 | D:8      | Noticed a two-headed ogre
  8575 | D:8      | Killed Joseph
  8576 | D:8      | Reached skill level 10 in Spellcasting
  8580 | D:8      | Killed a two-headed ogre
  8581 | D:8      | Reached XP level 10. HP: 61/76 MP: 7/25
  8684 | D:8      | Found a hide-covered altar of Uskayaw.
  9328 | D:8      | Noticed Maurice
  9570 | D:8      | Reached skill level 11 in Ice Magic
 10218 | D:9      | Found an ornate altar of the Wu Jian Council.
 10274 | D:9      | Found Nigit's Distillery.
 10338 | D:9      | Bought 2 potions of invisibility for 272 gold pieces
 10338 | D:9      | Bought a potion of haste for 170 gold pieces
 10338 | D:9      | Bought a potion of brilliance for 68 gold pieces
 10338 | D:9      | Bought a potion of heal wounds for 85 gold pieces
 10338 | D:9      | Bought a potion of curing for 51 gold pieces
 10338 | D:9      | Bought a potion of flight for 51 gold pieces
 10338 | D:9      | Bought a potion of heal wounds for 85 gold pieces
 10359 | D:9      | Found a runed translucent gate.
 10359 | D:9      | Found a runed translucent gate.
 10396 | D:9      | Found a runed translucent gate.
 10520 | D:9      | Reached skill level 12 in Ice Magic
 10601 | D:9      | Found a shadowy altar of Dithmenos.
 10949 | D:9      | Found a staircase to the Orcish Mines.
 11397 | D:9      | Found an ornate altar of the Wu Jian Council.
 11487 | D:9      | Noticed VeinyPole's ghost (novice GrBe)
 11808 | D:10     | Entered Level 10 of the Dungeon
 11990 | D:10     | Noticed a cyan ugly thing
 12001 | D:10     | Killed a cyan ugly thing
 12146 | D:10     | Noticed Sonja
 12152 | D:10     | Killed Sonja
 12153 | D:10     | Reached skill level 13 in Ice Magic
 12153 | D:10     | Reached XP level 11. HP: 74/81 MP: 20/26
 12340 | D:10     | Noticed a two-headed ogre
 12353 | D:10     | Killed a two-headed ogre
 12354 | D:10     | Reached skill level 14 in Ice Magic
 13148 | D:11     | Noticed a centaur warrior
 13150 | D:11     | Noticed a two-headed ogre
 13159 | D:11     | Killed a centaur warrior
 13161 | D:11     | Reached skill level 15 in Ice Magic
 13174 | D:11     | Killed a two-headed ogre
 13943 | D:11     | Reached skill level 1 in Throwing
 13943 | D:11     | Reached skill level 1 in Armour
 14685 | D:11     | Identified the +1 mace of Patterns {vorpal, +Fly rElec}
                  | (You found it on level 11 of the Dungeon)
 14969 | D:11     | Killed an unseen horror
 15362 | D:11     | Found a runed translucent gate.
 15362 | D:11     | Found a runed translucent gate.
 15362 | D:11     | Found a runed translucent gate.
 15365 | D:11     | Noticed PentaManta's ghost (journeyman MiBe)
 15568 | D:12     | Reached skill level 5 in Dodging
 15569 | D:12     | Noticed a four-headed hydra
 15575 | D:12     | Killed a four-headed hydra
 16044 | D:12     | Noticed a cyclops
 16053 | D:12     | Killed a cyclops
 16054 | D:12     | Reached XP level 12. HP: 87/87 MP: 19/27
 16299 | D:12     | Noticed Azrael
 16315 | D:12     | Noticed a boulder beetle
 18256 | D:11     | Reached skill level 5 in Armour
 18435 | D:12     | Killed a boulder beetle
 18719 | D:12     | Killed Azrael
 19411 | D:13     | Found a portal to a secret trove of treasure.
 19800 | D:13     | Noticed an eight-headed hydra
 19814 | D:13     | Killed an eight-headed hydra
 19815 | D:13     | Reached skill level 5 in Throwing
 20389 | D:13     | Noticed a centaur warrior
 20414 | D:13     | Identified the ring "Soxainwy" {rN+ Str+6}
 20638 | D:13     | Killed a centaur warrior
 20689 | D:13     | Found a gate to the Vaults.
 20854 | D:13     | Gained mutation: You can hop long distances. [Barachi
                  | growth]
 20854 | D:13     | Reached XP level 13. HP: 87/93 MP: 9/28
 21030 | D:13     | Reached skill level 10 in Dodging
 23641 | D:14     | Noticed Agnes
 23659 | D:14     | Slain by Agnes

Illustrated notes

Levels and vault maps discovered:
D:1:      mushboom_english_gardens, layout_rooms, corner_web_ring,
          minmay_misc_feat_pillars
D:2:      minmay_angry_zag, layout_loops_ring, chequers_serial_rivers_room_b,
          uniq_crazy_yiuf_cottage
D:3:      layout_loops_corners, grunt_gozag_statues, minivault_4
D:4:      wad_river_or_something, layout_loops_ring
D:5:      layout_cave_pools, gammafunk_ghost_icy, hex_medium
D:6:      minmay_razor_zed, layout_basic, uniq_eustachio, uniq_prince_ribbit1
D:7:      layout_basic, chequers_temple_overflow_statue_of_worship,
          minmay_temple_entry_statues_pillars, serial_rivers,
          chequers_serial_rivers_micro_d, chequers_serial_rivers_micro_d,
          chequers_serial_rivers_marsh, chequers_serial_rivers_small_3,
          chequers_serial_rivers_small_3, nicolae_benzene_ring, uniq_maggie
D:8:      layout_basic, eat_drink_and_be_merry_uskayaw, david_lair_shrubbed,
          serial_ice, serial_ice_l, serial_ice_f, serial_ice_c, serial_ice_d,
          serial_ice_e, serial_ice_m, serial_ice_n, uniq_maurice, uniq_joseph
D:9:      layout_stronghold, grunt_dithmenos_smoke, nzn_wu_jian_contemplation,
          orc_0_dummy, gammafunk_ghost_icy, serial_shops, shop_statue,
          serial_column_ruins, column_ruins_square_large,
          column_ruins_temple_circle, column_ruins_open_tiny,
          column_ruins_columns_dead_end, column_ruins_open_small,
          column_ruins_grid_4, column_ruins_open_small, column_ruins_open_tiny,
          column_ruins_open_small_water
D:10:     layout_basic, uniq_sonja
D:11:     layout_basic, ebering_ghost_rock_garden, hangedman_incinerator
D:12:     layout_irregular_city, uniq_azrael
D:13:     layout_stronghold, hangedman_vaults_entry_quadrant_bands,
          nicolae_trove_entry_isolated
D:14:     layout_long_grid, chequers_serial_rivers_room_a, serial_shops,
          kennysheep_mini, enter_bailey_4, uniq_agnes

Skill      XL: |  1  2  3  4  5  6  7  8  9 10 11 12 13 |
---------------+----------------------------------------+-----
Ice Magic      | 5 6 7 8 10 13 15 | 15.2
Fighting       | 1 2 3 4 5 |  5.9
Spellcasting   | 6 11 | 11.1
Throwing       | 3 6 |  6.8
Armour         | 4 7 8 |  8.2
Dodging        | 5 9 10 | 10.9
Stealth        | |  1.7

Action                   |  1- 3 |  4- 6 |  7- 9 | 10-12 | 13-15 || total
-------------------------+-------+-------+-------+-------+-------++-------
Melee: Unarmed           |     1 |       |       |       |       ||     1
       Dagger            |    25 |    85 |    63 |   322 |    65 ||   560
Throw: Dart              |       |       |       |    18 |     1 ||    19
 Cast: Freeze            |    58 |    13 |    11 |    24 |     1 ||   107
       Frozen Ramparts   |     2 |    15 |    18 |    61 |    12 ||   108
       Summon Ice Beast  |       |     1 |    13 |   119 |    32 ||   165
Invok: Potion Petition   |       |       |       |       |     1 ||     1
 Abil: Hop               |       |     1 |       |     1 |     2 ||     4
Evoke: Wand              |       |       |       |     1 |       ||     1
  Use: Scroll            |       |     2 |       |    19 |       ||    21
       Potion            |       |       |       |     5 |       ||     5
 Stab: Sleeping          |       |     3 |     1 |     2 |       ||     6
       Distracted        |       |       |       |     9 |     1 ||    10
       Invisible         |       |       |       |     2 |       ||     2
Armor: Robe              |    13 |    21 |     9 |    62 |    15 ||   120
Dodge: Dodged            |    40 |    58 |    57 |   354 |    73 ||   582

Table legend: (Time is in decaauts)
 A = Elapsed time spent in this place.
 B = Non-inter-level travel time spent in this place.
 C = Inter-level travel time spent in this place.
 D = Time resting spent in this place.
 E = Time spent auto-exploring this place.
 F = Levels seen in this place.
 G = Mean time per level.
                   A        B        C        D        E       F      G
               +--------+--------+--------+--------+--------+-----+--------+
         Total |  25575 |  24727 |    848 |  10379 |  10371 |  14 | 1826.8 |
       Dungeon |  25575 |  24727 |    848 |  10379 |  10371 |  14 | 1826.8 |
               +--------+--------+--------+--------+--------+-----+--------+

Top non-repeatable levels by time:
    D:13: 3735 daAuts
    D:11: 3719 daAuts
    D:10: 2303 daAuts
     D:7: 2264 daAuts
     D:8: 2211 daAuts
    D:12: 2030 daAuts
     D:9: 1739 daAuts
     D:3: 1606 daAuts
     D:4: 1319 daAuts
     D:2: 1302 daAuts
     D:1: 1187 daAuts
     D:5: 988 daAuts
    D:14: 755 daAuts
     D:6: 412 daAuts
